Map: Frost LE

Players

Miszu - Winner!

  • Race: Terran Terran
  • League: Master

pinkie

  • Race: Protoss Protoss
  • League: Master

VOD

Have the link to the VOD?

Description

Time

  • Played on: July 3, 2016, 11:55 a.m.
  • Length: 9:10
Show
View Real Time Build Order
Export as new Build Order

Miszu Terran - Winner!

Build Orders: MMM Bio 

Get SALT Encoding   

  12  0:00  SCV  
  13  0:13  SCV  
  14  0:17  Supply Depot  
  14  0:25  SCV  
  15  0:39  SCV  
  15  0:40  Barracks  
  16  0:44  Refinery  
  16  0:51  SCV  
  17  1:03  SCV  
  18  1:15  SCV  
  19  1:27  SCV  
  20  1:37  Reaper  
  20  1:39  Command Center  
  21  1:46  Orbital Command  
  21  2:00  Supply Depot  
  21  2:09  Engineering Bay  
  21  2:12  SCV  
  21  2:13  Barracks Reactor  
  22  2:24  SCV  
  22  2:25  Barracks  
  23  2:37  SCV  
  24  2:38  Terran Infantry Weapons Level 1  
  23  2:46  Missile Turret  
  23  2:49  Marine  
  24  2:51  Marine  
  24  2:54  Bunker  
  24  2:55  SCV  
  27  3:07  Marine  
  27  3:09  Marine  
  27  3:10  SCV  
  27  3:12  Orbital Command  
  29  3:13  Barracks Tech Lab  
  29  3:19  Missile Turret  
  29  3:25  Marine, SCV  
  31  3:32  Stimpack  
  31  3:35  Marine  
  31  3:36  Marine  
  31  3:38  SCV x2  
  35  3:43  Marine  
  36  3:50  Refinery, SCV  
  36  3:53  Marine  
  36  3:55  Barracks, SCV  
  38  4:02  Supply Depot, SCV  
  40  4:04  Marine  
  40  4:05  Marine  
  40  4:08  SCV  
  43  4:10  Refinery  
  43  4:14  SCV  
  43  4:15  Marine  
  45  4:22  Marine  
  46  4:24  SCV  
  46  4:26  SCV  
  46  4:27  Factory  
  48  4:32  Supply Depot  
  48  4:33  Marine x2  
  50  4:43  Terran Infantry Armor Level 1  
  50  4:44  Marine x2  
  52  4:51  Marine x2  
  52  4:52  Supply Depot  
  54  4:53  SCV  
  54  4:56  SCV  
  56  5:06  SCV  
  57  5:08  SCV  
  57  5:11  Starport, Factory Reactor  
  58  5:20  Marine x3, Marauder  
  63  5:35  SCV  
  63  5:38  Marine x3  
  63  5:40  Supply Depot  
  63  5:41  Supply Depot, Marine, Combat Shields  
  67  5:45  Liberator x2  
  67  5:49  Supply Depot  
  67  5:54  SCV x2  
  67  5:56  Marine  
  70  6:01  Widow Mine  
  70  6:02  Marine x2  
  80  6:05  Supply Depot x2, Marauder  
  82  6:20  Supply Depot  
  82  6:24  Marine x3  
  85  6:26  Marauder  
  87  6:38  SCV x2  
  89  6:42  Supply Depot  
  89  6:45  Marine x2, Medivac x2  
  95  6:48  Marauder  
  95  6:50  SCV  
  95  6:53  Marine  
  99  7:00  Command Center  
  99  7:03  Marine x2  
  99  7:11  Marine  
  99  7:13  Marine  
  92  7:19  Liberator x2  
  92  7:20  SCV  
  92  7:21  Marine x2, SCV  
  90  7:28  Widow Mine  
  90  7:29  Marine  
  90  7:30  Marine  
  97  7:38  Marine  
  97  7:39  Supply Depot, Marine  
  97  7:46  Marine  
  97  7:48  Marine  
  90  7:56  Marine x2, Widow Mine  
  86  8:04  Marine  
  82  8:06  Marine  
  77  8:14  Marine  
Show
View Real Time Build Order
Export as new Build Order

pinkie Protoss 

Build Orders: Carrier Rush 

Get SALT Encoding   

  12  0:01  Probe (Chrono Boost)  
  13  0:12  Probe (Chrono Boost)  
  14  0:18  Pylon  
  14  0:23  Probe (Chrono Boost)  
  15  0:36  Probe (Chrono Boost)  
  15  0:39  Gateway  
  16  0:47  Probe (Chrono Boost)  
  17  0:50  Assimilator  
  17  0:57  Probe (Chrono Boost)  
  18  1:07  Assimilator  
  18  1:08  Probe (Chrono Boost)  
  20  1:18  Probe (Chrono Boost)  
  20  1:29  Cybernetics Core, Probe (Chrono Boost)  
  21  1:39  Probe (Chrono Boost)  
  22  1:45  Pylon  
  22  1:50  Probe (Chrono Boost)  
  23  2:00  Pylon  
  23  2:03  Probe (Chrono Boost)  
  23  2:05  Stalker (Chrono Boost)  
  23  2:06  Warp Gate (Chrono Boost)  
  26  2:19  Stargate  
  26  2:43  Nexus  
  26  3:05  Fleet Beacon  
  26  3:09  Adept  
  28  3:15  Probe  
  29  3:21  Gateway  
  29  3:24  Pylon  
  29  3:28  Probe  
  30  3:40  Probe  
  31  3:48  Carrier (Chrono Boost)  
  37  3:58  Protoss Air Weapons Level 1  
  37  3:59  Probe  
  38  4:06  Pylon  
  38  4:08  Probe  
  40  4:24  Probe  
  40  4:27  Assimilator  
  40  4:29  Assimilator  
  40  4:43  Mothership Core  
  38  4:48  Pylon  
  39  5:04  Carrier (Chrono Boost), Probe  
  46  5:09  Probe  
  47  5:15  Zealot  
  47  5:18  Stargate  
  49  5:36  Graviton Catapult  
  49  5:44  Forge, Probe  
  49  5:46  Probe  
  51  5:59  Adept  
  53  6:07  Carrier (Chrono Boost)  
  53  6:09  Probe  
  60  6:11  Probe  
  61  6:35  Carrier (Chrono Boost)  
  67  6:42  Stargate  
  67  6:49  Probe x2  
  65  7:31  Carrier (Chrono Boost)  
Tags
 
Composition
MMM Bio
Matchup
PvT
Strategy
Carrier Rush
Add a new tag
Caveats
  • Supply blocks, unpowered buildings, or Contaminate may cause inaccurate times.
  • Supply counts are checked every 10 seconds.